 Dungeon Crawl Stone Soup version 0.28.0-43-g3370ac3207 (webtiles) character file.

Game seed: 15872668201504276742

28 tizbic2 the Stinger (level 2, -1/20 HPs)
             Began as a Demigod Venom Mage on Mar 13, 2022.
             Slain by a worm (7 damage)
             ... on level 2 of the Dungeon.
             The game lasted 00:04:29 (1477 turns).

tizbic2 the Stinger (Demigod Venom Mage)            Turns: 1477, Time: 00:04:29

Health: -1/20      AC:  6    Str:  9    XL:     2   Next: 78%
Magic:  0/7        EV: 11    Int: 17    God:
Gold:   19         SH:  0    Dex: 14    Spells: 2/5 levels left

rFire   . . .      SeeInvis .   d - +0 dagger
rCold   . . .      Faith    .   (no shield)
rNeg    . . .      Spirit   .   b - +0 leather armour
rPois   .          Reflect  .   h - +2 hat
rElec   .          Harm     .   g - +0 cloak
rCorr   .          Rampage  .   (no gloves)
Will    .....                   (no boots)
Stlth   ++........              (no amulet)
HPRegen 0.06/turn               (no ring)
MPRegen 0.10/turn               (no ring)

@: no status effects
A: high MP 1, forlorn, divine attributes
a: no special abilities


You were on level 2 of the Dungeon.
You visited 1 branch of the dungeon, and saw 2 of its levels.

You collected 19 gold pieces.

Inventory:

Hand Weapons
 c - a +0 spear
 d - a +0 dagger (weapon)
Missiles
 f - 15 stones
Armour
 a - a +0 robe
 b - a +0 leather armour (worn)
 g - a +0 cloak (worn)
 h - a +2 hat (worn)
Scrolls
 e - a scroll of identify {unknown}


   Skills:
 - Level 1.7 Dodging
 - Level 1.7 Stealth
 + Level 2.1 Spellcasting
 + Level 1.4 Transmutations
 * Level 3.3 Poison Magic


You had 2 spell levels left.
You knew the following spells:

 Your Spells              Type           Power      Damage    Failure   Level
a - Sting                 Tmut/Pois      36%        1d4       10%         1
b - Poisonous Vapours     Pois/Air       14%        N/A       21%         2

Your spell library contained the following spells:

 Spells                   Type           Power      Damage    Failure   Level
 Mephitic Cloud           Conj/Pois/Air  5%         N/A       45%         3
 Olgreb's Toxic Radiance  Pois           13%        N/A       56%         4


Dungeon Overview and Level Annotations

Branches:
Dungeon (2/15)


Innate Abilities, Weirdness & Mutations

You have an increased reservoir of magic. (+10% MP)
You shall have no god before yourself.
Your divine heritage dramatically boosts your attributes as you level up.


Message History

Poisonous vapours surround the worm!
The worm looks even sicker.
Casting: Poisonous Vapours (safe; 21% risk of failure)
Confirm with . or Enter, or press ? or * to list all spells.
You don't have enough magic to cast this spell.
Unknown command.
Casting: Poisonous Vapours (safe; 21% risk of failure)
Confirm with . or Enter, or press ? or * to list all spells.
Aiming: Sting (safe; 10% risk of failure)
Press: ? - help, Shift-Dir - straight line, f/p - worm
Aim: a worm (very poisoned, 89% to hit)
The sting hits the worm.
The worm looks even sicker.
The worm is lightly wounded.
You hit the worm.
The worm is lightly wounded.
You hit the worm.
The worm is lightly wounded.
The worm misses you.
You hit the worm but do no damage.
The worm is moderately wounded.
You hit the worm.
The worm is moderately wounded.
The worm bites you.
You hit the worm but do no damage.
The worm is moderately wounded.
You hit the worm but do no damage.
The worm is moderately wounded.
The worm bites you!
* * * LOW HITPOINT WARNING * * *
You hit the worm.
The worm is heavily wounded.
You hit the worm.
The worm is heavily wounded.
Casting: Sting (safe; 10% risk of failure)
Confirm with . or Enter, or press ? or * to list all spells.
Aiming: Poisonous Vapours (safe; 21% risk of failure)
Press: ? - help, Dir - move target, f/p - worm
Aim: a worm (heavily wounded, poisoned) Poisonous vapours surround the worm!
The worm looks even sicker.
The worm bites you!
You die...

... ### #.....# ##
#.#####.######<....# ..#
#.................#
...#####................#
....(.........#.........#
........................#
............####........#
............# #........#
.........w@.## ##.##...##
............#. ...##....##
........##....#######.#..#
..?.....##...............#
.####.####............####
##. ###...........<# . ...
...............# ..
.......#..........## ...
... #..........#


You could see a worm (very poisoned).

Vanquished Creatures
  4 endoplasms
  3 giant cockroaches
  3 goblins
  4 hobgoblins
  3 quokkas (D:1)
  A bat (D:1)
  2 frilled lizards
  2 kobolds (D:1)
  2 rats (D:1)
24 creatures vanquished.

Vanquished Creatures (others)
  A plant (D:1)
1 creature vanquished.

Grand Total: 25 creatures vanquished

Notes
Turn   | Place    | Note
-------+----------+-------------------------------------------
     0 | D:1      | tizbic2 the Demigod Venom Mage began the quest for the Orb.
     0 | D:1      | Reached XP level 1. HP: 14/14 MP: 5/5
   128 | D:1      | Reached skill level 1 in Transmutations
   569 | D:1      | Reached skill level 3 in Poison Magic
   657 | D:1      | Reached XP level 2. HP: 17/20 MP: 1/7
  1363 | D:2      | Learned a level 2 spell: Poisonous Vapours
  1477 | D:2      | Slain by a worm

Illustrated notes

Levels and vault maps discovered:
D:1:      onia_arrival_mini_maze_b, layout_basic
D:2:      layout_rooms, shapermc_ecumenical_altar_starsandcircs

Skill      XL: |  1  2 |
---------------+-------+-----
Transmutations | 1 |  1.4
Poison Magic   | 3 |  3.3
Spellcasting   | 2 |  2.1
Dodging        | |  1.7
Stealth        | |  1.7

Action                   || total
-------------------------++-------
Melee: Dagger            ||    42
       Unarmed           ||     3
       Spear             ||     2
       Punch             ||     1
 Cast: Sting             ||    33
       Poisonous Vapours ||     7
Armor: Leather armour    ||    10
Dodge: Dodged            ||    18
